 Dungeon Crawl Stone Soup version 0.26.1-11-gd32895ea62 (webtiles) character file.

Game seed: 2414597681130594442

10230 seveneves the Carver (level 11, -10/92 HPs)
             Began as a Minotaur Fighter on July 17, 2021.
             Was a High Priest of Wu Jian.
             Mangled by an orc knight
             ... wielding a +1 battleaxe
              (14 damage)
             ... on level 1 of the Orcish Mines.
             The game lasted 01:35:01 (9483 turns).

seveneves the Carver (Minotaur Fighter)             Turns: 9483, Time: 01:35:01

Health: -10/92     AC: 18    Str: 22 (23) XL:     11   Next: 33%
Magic:  10/10      EV:  7    Int:  0 (5)  God:    Wu Jian [*****.]
Gold:   1038       SH: 18    Dex:  9 (11) Spells: 10/10 levels left

rFire    . . .     SeeInvis +   q - +6 falchion (drain)
rCold    + . .     Faith    .   c - +1 kite shield
rNeg     . . .     Spirit   .   w - +2 plate armour
rPois    .         Reflect  +   (helmet restricted)
rElec    .         Harm     .   (no cloak)
rCorr    .         Rampage  .   i - +0 pair of gloves
Will     .....                  n - +1 pair of boots
Stlth    ..........             d - amulet of reflection
HPRegen  0.00/turn              y - ring of see invisible
MPRegen  0.12/turn              e - ring of protection from cold

@: slowed, lost intelligence, very slow
A: retaliatory headbutt, horns 2, inhibited regeneration
a: Renounce Religion, Wall Jump, Serpent's Lash, Heavenly Storm


You were on level 1 of the Orcish Mines.
You worshipped Wu Jian.
Wu Jian was extremely pleased with you.
You visited 2 branches of the dungeon, and saw 12 of its levels.
You also visited: Sewer.

You collected 1038 gold pieces.

Inventory:

Hand Weapons
 q - a +6 falchion of draining (weapon)
 r - a +1 whip of electrocution
 E - a +2 vorpal hand axe
Missiles
 b - 10 bolts
 u - 245 arrows
 A - 11 silver boomerangs
Armour
 c - a +1 kite shield (worn)
 i - a +0 pair of gloves (worn)
 n - a +1 pair of boots (worn)
 w - a +2 plate armour (worn)
 D - +2 steam dragon scales
Jewellery
 d - an amulet of reflection (around neck)
 e - a ring of protection from cold (right hand)
 h - an uncursed amulet of magic regeneration
 j - an uncursed amulet of regeneration
 y - a ring of see invisible (left hand)
Wands
 l - a wand of disintegration (9) (quivered)
Scrolls
 k - 3 scrolls of remove curse
 m - 3 scrolls of blinking
 s - 5 scrolls of teleportation
 x - 3 scrolls of identify
 z - 2 scrolls of fog
Potions
 p - 2 potions of curing
 v - a potion of mutation {unknown}


   Skills:
 + Level 7.1 Fighting
 * Level 13.9 Long Blades
 + Level 3.7 Axes
 + Level 6.8 Armour
 + Level 3.5 Dodging
 - Level 5.4 Stealth
 + Level 10.4 Shields


You had 10 spell levels left.
You didn't know any spells.
Your spell library contained the following spells:

 Spells                   Type           Power        Failure   Level
 Corona                   Hex            0%           100%        1
 Magic Dart               Conj           0%           100%        1
 Blink                    Tloc           N/A          100%        2
 Call Imp                 Summ           0%           100%        2
 Slow                     Hex            0%           100%        2
 Conjure Flame            Conj/Fire      0%           100%        3
 Inner Flame              Hex/Fire       0%           100%        3
 Mephitic Cloud           Conj/Pois/Air  0%           100%        3
 Portal Projectile        Hex/Tloc       0%           100%        3
 Cause Fear               Hex            0%           100%        4
 Leda's Liquefaction      Hex/Erth       0%           100%        4


Dungeon Overview and Level Annotations

Branches:
Dungeon (10/15)            Temple (0/1) D:4            Lair (0/6) D:9
    Orc (2/2) D:10          Sewer (visited)
    Elf: Orc:2

Altars:
Cheibriados
Dithmenos
Gozag
Qazlal
Ru
Trog
Vehumet
Wu Jian
Yredelemnul
The Shining One
Beogh

Shops:
D:5 =   D:8 :   Orc:1 :


Innate Abilities, Weirdness & Mutations

You reflexively headbutt those who attack you in melee.
You have a pair of horns on your head.
You do not regenerate when monsters are visible.


Message History

The orc knight is almost dead.
You block the orc knight's attack.
You hit the orc knight.
The orc knight is almost dead.
Your shield and plate armour prevent you from hitting the orc knight.
The orc knight is almost dead.
You block the orc knight's attack.
You closely miss the orc knight. You headbutt the orc knight.
The orc knight is almost dead.
You block the orc knight's attack.
You hit the orc knight but do no damage.
The orc knight is almost dead.
You block the orc knight's attack.
You hit the orc knight but do no damage.
Your headbutt misses the orc knight.
The orc knight is almost dead.
You slash the orc knight!
The orc knight is almost dead.
The orc knight hits you with a +1 battleaxe!
You die...

..##.## ###..#.........###.##
......###....##.............#
#.##...#...........##.......##
#####.###...........#........#
#####............#.#.....#
####...........).###.....##
##.#............[........##
#.....#..................#
##........!..o@......._..#
##.........>รท..#........#
##.#.#....)............#
##......#[......#.....#
##.#..#.[...........##
###....[....#.#...## #
##..............# .##
#........#.#...#...#
##..#..##.........#


You could see an orc knight (drained).

Vanquished Creatures
  An ettin (Orc:1)
  2 orc high priests (Orc:2)
  An unseen horror (D:10)
  Maggie (D:10)
  2 trolls (Orc:1)
  A wyvern (D:8)
  2 wargs
  16 orc warriors
  3 ice beasts
  3 sky beasts
  A phantom (D:8)
  A black bear (D:6)
  5 ogres
  7 centaurs
  A big kobold (D:9)
  4 bullfrogs
  3 scorpions
  2 wyvern skeletons
  13 killer bees
  9 wights
  5 howler monkeys
  An electric eel (D:7)
  A centaur zombie (D:10)
  A bullfrog zombie (D:10)
  8 hounds
  11 orc priests
  2 jellies
  10 orc wizards
  4 iguanas
  4 worker ants
  A killer bee zombie (D:8)
  A hound zombie (D:8)
  A hound skeleton (D:6)
  2 worker ant zombies (D:5)
  7 gnolls
  A howler monkey skeleton (D:7)
  17 adders
  A shadow imp (D:6)
  2 white imps
  5 ufetubi
  An adder skeleton (D:7)
  4 worms
  5 dart slugs
  11 leopard geckos
  56 orcs
  3 ball pythons
  8 giant cockroaches
  5 goblins
  7 hobgoblins
  17 jackals
  3 quokkas
  9 bats
  12 frilled lizards
  21 kobolds
  2 leopard gecko skeletons
  2 quokka skeletons
  6 rats
335 creatures vanquished.

Vanquished Creatures (others)
  24 plants
24 creatures vanquished.

Grand Total: 359 creatures vanquished

Notes
Turn   | Place    | Note
-------+----------+-------------------------------------------
     0 | D:1      | seveneves the Minotaur Fighter began the quest for the Orb.
     0 | D:1      | Reached XP level 1. HP: 19/19 MP: 0/0
   181 | D:1      | Reached XP level 2. HP: 26/27 MP: 1/1
   303 | D:1      | Found a snail-covered altar of Cheibriados.
   982 | D:2      | Reached XP level 3. HP: 33/33 MP: 2/2
  1787 | D:3      | Reached XP level 4. HP: 40/40 MP: 3/3
  1901 | D:3      | Reached skill level 1 in Dodging
  2225 | D:3      | Found a shadowy altar of Dithmenos.
  2379 | D:4      | Reached skill level 1 in Long Blades
  2386 | D:4      | Reached skill level 5 in Shields
  2386 | D:4      | Reached XP level 5. HP: 46/47 MP: 4/4
  2393 | D:4      | Found a shadowy altar of Dithmenos.
  2548 | D:4      | Found a staircase to the Ecumenical Temple.
  2563 | D:4      | Reached skill level 2 in Long Blades
  2726 | D:4      | Reached XP level 6. HP: 53/53 MP: 5/5
  2726 | D:4      | Found a glowing drain.
  2757 | Sewer    | Entered a sewer
  2839 | Sewer    | Reached skill level 3 in Long Blades
  3249 | D:4      | Reached skill level 4 in Long Blades
  3442 | D:4      | Reached skill level 5 in Long Blades
  3492 | D:4      | Found a glowing golden altar of the Shining One.
  3558 | D:5      | Entered Level 5 of the Dungeon
  3563 | D:5      | Found a basalt altar of Yredelemnul.
  3617 | D:5      | Reached XP level 7. HP: 60/60 MP: 6/6
  3676 | D:5      | Found an ornate altar of the Wu Jian Council.
  3712 | D:5      | Reached skill level 6 in Long Blades
  3862 | D:5      | Reached skill level 5 in Fighting
  3865 | D:5      | Found Nalemp's Jewellery Shop.
  4106 | D:5      | Reached skill level 7 in Long Blades
  4183 | D:5      | Noticed a spectral centipede
  4183 | D:5      | Noticed a spectral black mamba
  4183 | D:5      | Noticed a spectral cane toad
  4184 | D:5      | Became a worshipper of the Wu Jian Council
  4354 | D:6      | Reached skill level 5 in Armour
  4375 | D:6      | Reached XP level 8. HP: 68/68 MP: 7/7
  4439 | D:6      | Reached skill level 8 in Long Blades
  4711 | D:6      | Found a bloodstained altar of Trog.
  4785 | D:6      | Reached * piety under Wu Jian
  4924 | D:7      | Found a stormy altar of Qazlal.
  5201 | D:7      | Reached skill level 9 in Long Blades
  5385 | D:7      | Reached skill level 1 in Stealth
  5578 | D:7      | Reached XP level 9. HP: 75/75 MP: 8/8
  5625 | D:7      | Reached skill level 10 in Long Blades
  6199 | D:8      | Reached ** piety under Wu Jian
  6304 | D:8      | Found an opulent altar of Gozag.
  6370 | D:8      | Reached skill level 11 in Long Blades
  6693 | D:8      | Found Cogiaxoa's Book Shop.
  7068 | D:9      | Found a staircase to the Lair.
  7085 | D:9      | Found a radiant altar of Vehumet.
  7085 | D:9      | Found a sacrificial altar of Ru.
  7164 | D:9      | Reached XP level 10. HP: 65/83 MP: 9/9
  7171 | D:9      | Reached *** piety under Wu Jian
  7350 | D:9      | Reached skill level 12 in Long Blades
  7591 | D:9      | Found a sacrificial altar of Ru.
  7928 | D:10     | Entered Level 10 of the Dungeon
  7960 | D:10     | Noticed an unseen horror
  8035 | D:10     | Killed an unseen horror
  8057 | D:10     | Reached **** piety under Wu Jian
  8059 | D:10     | Noticed Maggie
  8066 | D:10     | Killed Maggie
  8295 | D:10     | Reached skill level 13 in Long Blades
  8496 | D:10     | Found a staircase to the Orcish Mines.
  8789 | Orc:1    | Entered Level 1 of the Orcish Mines
  8789 | Orc:1    | Noticed an ettin
  8790 | Orc:1    | Found Suguki's Book Emporium.
  8801 | Orc:1    | Killed an ettin
  8802 | Orc:1    | Reached skill level 5 in Stealth
  8963 | Orc:2    | Entered Level 2 of the Orcish Mines
  9017 | Orc:2    | Reached XP level 11. HP: 67/91 MP: 10/10
  9025 | Orc:2    | Noticed an orc sorcerer
  9025 | Orc:2    | Noticed an orc knight
  9026 | Orc:2    | Noticed an orc high priest
  9029 | Orc:2    | Noticed an orc high priest
  9051 | Orc:2    | Noticed an orc high priest
  9056 | Orc:2    | Noticed a soul eater
  9088 | Orc:2    | Noticed a sun demon
  9096 | Orc:1    | Reached skill level 10 in Shields
  9122 | Orc:1    | Found a roughly hewn altar of Beogh.
  9266 | Orc:2    | Gained mutation: You do not regenerate when monsters are
                  | visible. [a neqoxec]
  9276 | Orc:2    | Killed an orc high priest
  9284 | Orc:2    | Noticed a soul eater
  9427 | Orc:2    | Reached ***** piety under Wu Jian
  9434 | Orc:2    | Lost intelligence.
  9440 | Orc:2    | Killed an orc high priest
  9470 | Orc:1    | HP: 4/92 [orc knight/+1 battleaxe (1)]
  9483 | Orc:1    | Mangled by an orc knight

Illustrated notes

Levels and vault maps discovered:
D:1:      shiori_angband_town, layout_basic, glass_columns_c,
          cheibriados_altar_1
D:2:      layout_loops_ring
D:3:      layout_basic, lemuel_coloured_pillars_altar
D:4:      layout_loops_corners, tso_altar, minmay_temple_entry_glass,
          portal_sewer_entry_f, nicolae_dithmenos_the_darkroom
D:5:      layout_loops_ring, lemuel_crystal_altar,
          pdpol_wu_jian_five_deadly_venoms, serial_shops,
          nicolae_shop_waterfront
D:6:      layout_loops_ring, lightli_temple_of_fire
D:7:      layout_gridville, grunt_qazlal_sundering, dk_vineyard_3,
          nicolae_benzene_ring, serial_bayou_lagoon_a
D:8:      layout_loops_ring, nicolae_overflow_hidden_temple, serial_shops, shop,
          minmay_chambers_of_fives
D:9:      layout_cave_pods, gammafunk_temple_overflow_elements,
          lair_entry_dummy, st_stairs_14, nicolae_ru_path_of_blood
D:10:     layout_basic, orc_0_dummy, uniq_maggie
Orc:1:    layout_caves, serial_shops, nicolae_shop_crystal, basic_altar
Orc:2:    st_orc_congregation, layout_caves

Skill      XL: |  1  2  3  4  5  6  7  8  9 10 11 |
---------------+----------------------------------+-----
Shields        | 4 5 6 7 8 9 10 | 10.4
Armour         | 4 5 6 |  6.8
Fighting       | 4 5 6 7 |  7.1
Axes           | 3 |  3.7
Dodging        | 1 2 3 |  3.5
Long Blades    | 1 2 5 7 9 11 13 | 13.9
Stealth        | 1 3 5 |  5.4

Action                   |  1- 3 |  4- 6 |  7- 9 | 10-12 || total
-------------------------+-------+-------+-------+-------++-------
Melee: War axe           |   105 |    25 |       |       ||   130
       Headbutt          |     7 |    24 |    51 |    60 ||   142
       Falchion          |       |   183 |   305 |   340 ||   828
Invok: Lunge             |       |       |    19 |    24 ||    43
       Whirlwind         |       |       |     7 |    13 ||    20
Evoke: Wand              |       |       |     5 |    12 ||    17
  Use: Scroll            |     5 |     3 |    20 |     6 ||    34
       Potion            |     3 |       |     6 |    10 ||    19
 Stab: Distracted        |       |       |     1 |       ||     1
Armor: Scale mail        |    49 |   101 |    37 |       ||   187
       Plate armour      |       |       |    78 |    84 ||   162
Dodge: Dodged            |    34 |    66 |    48 |    42 ||   190
Block: Kite shield       |    57 |   122 |   157 |   222 ||   558
       Reflection        |       |       |       |    15 ||    15
       Rpst.: Falchion   |       |    11 |    14 |     9 ||    34
